 Dungeon Crawl Stone Soup version 0.27-a0-1137-g3ef0f4ec91 (webtiles) character file.

Game seed: 7631151363990106248

720 dbrn the Chopper (level 7, -1/61 HPs)
             Began as a Hill Orc Fighter on May 6, 2021.
             Succumbed to a scorpion's poison
             ... on level 5 of the Dungeon.
             The game lasted 00:07:58 (3169 turns).

dbrn the Chopper (Hill Orc Fighter)                 Turns: 3169, Time: 00:07:58

Health: -1/61      AC: 14    Str: 21    XL:     7   Next: 70%
Magic:  7/7        EV:  4    Int:  8    God:
Gold:   126        SH: 10    Dex: 10    Spells: 6/6 levels left

rFire    . . .     SeeInvis .   a - +0 war axe
rCold    . . .     Faith    .   c - +0 kite shield
rNeg     . . .     Spirit   .   m - +0 plate armour
rPois    .         Reflect  .   n - +0 helmet
rElec    .         Harm     .   (no cloak)
rCorr    .         Rampage  .   (no gloves)
Will     .....                  d - +0 pair of boots
Stlth    ..........             (no amulet)
HPRegen  0.20/turn              (no ring)
MPRegen  0.10/turn              (no ring)

@: lethally poisoned (-1 -> -30)
A: no striking features
a: no special abilities


You were on level 5 of the Dungeon.
You visited 1 branch of the dungeon, and saw 4 of its levels.

You collected 126 gold pieces.

Inventory:

Hand Weapons
 a - a +0 war axe (weapon)
Armour
 b - a +0 scale mail
 c - a +0 kite shield (worn)
 d - a +0 pair of boots (worn)
 e - a +2 ring mail of poison resistance
 k - a +0 chain mail
 m - a +0 plate armour (worn)
 n - a +0 helmet (worn)
Wands
 j - a wand of iceblast (4)
Scrolls
 f - a scroll of holy word {unknown}
 g - 2 scrolls of teleportation {unknown}
 i - a scroll of fog {unknown}
 l - a scroll of noise {unknown}
Potions
 h - 3 potions of curing


   Skills:
 + Level 5.3 Fighting
 + Level 7.4 Axes
 + Level 5.2 Armour
 - Level 0.2 Dodging
 + Level 5.2 Shields


You had 6 spell levels left.
You didn't know any spells.
Your spell library was empty.

Dungeon Overview and Level Annotations

Branches:
Dungeon (5/15)
 Temple: D:4-7

Altars:
Makhleb
Okawaru
Vehumet
Zin


Message History

You are poisoned.
The scorpion poisons you!
You barely miss the scorpion.
You feel very sick.
The scorpion stings you but does no damage.
The scorpion stings you.
You are more poisoned.
The scorpion poisons you!
You closely miss the scorpion.
You feel very sick. The scorpion stings you.
The scorpion stings you but does no damage.
You closely miss the scorpion.
You feel very sick. The scorpion barely misses you.
You completely miss the scorpion.
You feel very sick. The scorpion stings you.
You are more poisoned.
The scorpion poisons you!
The scorpion stings you but does no damage.
You closely miss the scorpion.
You feel very sick.
The scorpion stings you but does no damage.
The scorpion stings you.
You are lethally poisoned!
The scorpion poisons you!
You closely miss the scorpion.
* * * LOW HITPOINT WARNING * * *
You feel extremely sick.
The scorpion stings you but does no damage.
Your plate armour prevents you from hitting the scorpion.
* * * LOW HITPOINT WARNING * * *
You feel very sick.
The scorpion stings you but does no damage.
The scorpion stings you!
* * * LOW HITPOINT WARNING * * *
You are more poisoned.
The scorpion poisons you!
You die...

#.....#####.###.##.#.#.#
#.# #.###.#
#...##.##.#...# #.# ...
...#..#...........# #.#
#.## ...... .##.##.##..#
#.# #.# .###.#
>......##..######.# #..
.# #..
....#####.........# ###
#.#####.# #.#########
.....(..#####.#
#.....s.@.[...#
###############


You could see a scorpion.

Vanquished Creatures
  Eustachio (D:4)
  A water moccasin (D:5)
  A black bear (D:5)
  A phantom (D:4)
  A scorpion (D:4)
  A water moccasin skeleton (D:5)
  A bullfrog skeleton (D:4)
  A bullfrog zombie (D:5)
  2 iguanas
  3 adders
  A shadow imp (D:5)
  A white imp (D:5)
  2 ufetubi (D:4)
  4 orcs
  2 giant cockroaches
  4 goblins
  2 hobgoblins (D:1)
  3 jackals (D:5)
  A quokka (D:1)
  3 ball pythons
  2 bats (D:1)
  A frilled lizard (D:1)
39 creatures vanquished.

Notes
Turn   | Place    | Note
-------+----------+-------------------------------------------
     0 | D:1      | dbrn the Hill Orc Fighter began the quest for the Orb.
     0 | D:1      | Reached XP level 1. HP: 19/19 MP: 1/1
   381 | D:1      | Reached XP level 2. HP: 27/27 MP: 2/2
   691 | D:1      | Reached skill level 3 in Axes
   931 | D:2      | You fall into a shaft and drop 2 floors!
   947 | D:4      | Noticed a scorpion
   960 | D:4      | Killed a scorpion
   961 | D:4      | Reached XP level 3. HP: 12/33 MP: 3/3
   961 | D:4      | Reached XP level 4. HP: 15/40 MP: 4/4
  1168 | D:4      | Reached skill level 4 in Axes
  1168 | D:4      | Reached XP level 5. HP: 44/47 MP: 5/5
  1292 | D:4      | Found an iron altar of Okawaru.
  1378 | D:4      | Noticed a phantom
  1393 | D:4      | Killed a phantom
  1394 | D:4      | Reached skill level 5 in Axes
  1394 | D:4      | Reached XP level 6. HP: 30/53 MP: 6/6
  1911 | D:4      | Noticed Eustachio
  1944 | D:4      | Killed Eustachio
  1945 | D:4      | Reached skill level 6 in Axes
  2397 | D:5      | Entered Level 5 of the Dungeon
  2418 | D:5      | Reached XP level 7. HP: 18/60 MP: 7/7
  2660 | D:5      | Found a radiant altar of Vehumet.
  2661 | D:5      | Found a glowing silver altar of Zin.
  2664 | D:5      | Found a burning altar of Makhleb.
  2735 | D:5      | Reached skill level 5 in Fighting
  2735 | D:5      | Reached skill level 5 in Armour
  2735 | D:5      | Reached skill level 5 in Shields
  3004 | D:5      | Reached skill level 7 in Axes
  3156 | D:5      | Identified the +0 helmet of Plasticity {-Tele rElec rF+++
                  | Dex-4}
  3169 | D:5      | Succumbed to a scorpion's poison

Illustrated notes

Levels and vault maps discovered:
D:1:      wander_arrival_abandoned_jail, layout_basic, serial_bayou_lagoon_a
D:2:      layout_basic, basic_altar, ebering_ecumenical_altar_ruins,
          uniq_jessica, uniq_sigmund, uniq_crazy_yiuf_cottage, uniq_terence
D:4:      layout_layer_cave, lemuel_crystal_altar,
          hangedman_decor_clover_reticule, uniq_eustachio
D:5:      layout_loops_ring, nicolae_overflow_hidden_temple, uniq_pikel

Skill      XL: |  1  2  3  4  5  6  7 |
---------------+----------------------+-----
Axes           | 3 4 5 6 7 |  7.4
Fighting       | 4 5 |  5.3
Armour         | 4 5 |  5.2
Shields        | 4 5 |  5.2
Dodging        | |  0.2

Action                   |  1- 3 |  4- 6 |  7- 9 || total
-------------------------+-------+-------+-------++-------
Melee: War axe           |    35 |    77 |    45 ||   157
  Use: Potion            |     1 |     3 |       ||     4
       Scroll            |     1 |       |       ||     1
Armor: Ring mail         |    12 |    55 |     2 ||    69
       Scale mail        |     1 |       |       ||     1
       Plate armour      |       |       |    30 ||    30
       Chain mail        |       |       |     4 ||     4
Dodge: Dodged            |     9 |    54 |     5 ||    68
Block: Kite shield       |    17 |    73 |    22 ||   112

Table legend: (Time is in decaauts)
 A = Elapsed time spent in this place.
 B = Non-inter-level travel time spent in this place.
 C = Inter-level travel time spent in this place.
 D = Time resting spent in this place.
 E = Time spent auto-exploring this place.
 F = Levels seen in this place.
 G = Mean time per level.
                   A        B        C        D        E       F      G
               +--------+--------+--------+--------+--------+-----+--------+
         Total |   3239 |   3167 |     72 |      0 |   2667 |   4 |  809.8 |
       Dungeon |   3239 |   3167 |     72 |      0 |   2667 |   4 |  809.8 |
               +--------+--------+--------+--------+--------+-----+--------+

Top non-repeatable levels by time:
     D:4: 1495 daAuts
     D:1: 935 daAuts
     D:5: 791 daAuts
     D:2: 16 daAuts
